 Dungeon Crawl Stone Soup version 0.25.1-2-g60ff931df9 (webtiles) character file.

Game seed: 540633467637526993

6292 hehateme the Basher (level 10, -14/64 HPs)
             Began as a Gargoyle Fighter on Oct 23, 2020.
             Was an Initiate of Trog.
             Killed by the air
             ... invoked by Gastronok
              (22 damage)
             ... on level 2 of the Lair of Beasts.
             The game lasted 00:54:18 (11221 turns).

hehateme the Basher (Gargoyle Fighter)             Turns: 11221, Time: 00:54:19

Health: -14/64     AC: 17    Str: 23    XL:     10   Next: 94%
Magic:  9/9        EV:  9    Int: 13    God:    Trog [......]
Gold:   1307       SH:  9    Dex:  9    Spells: 9/9 levels left

rFire    . . .     SeeInvis .   R - +2 morningstar (holy)
rCold    + . .     Gourm    .   c - +0 kite shield
rNeg     + . .     Faith    .   T - +4 ring mail "Vekimn" {rElec rC+ Int+4}
rPois    ∞         Spirit   .   (helmet restricted)
rElec    +         Reflect  .   (no cloak)
rCorr    .         Harm     .   (no gloves)
MR       .....                  (no boots)
Stlth    ..........             (no amulet)
HPRegen  0.20/turn              (no ring)
MPRegen  0.11/turn              (no ring)

@: no status effects
A: horns 1, low mp 1, negative energy resistance 1, electricity resistance,
unbreathing, petrification resistance, rot immunity, AC +7
a: Renounce Religion


You were on level 2 of the Lair of Beasts.
You worshipped Trog.
Trog was noncommittal.
You were not hungry.

You visited 3 branches of the dungeon, and saw 14 of its levels.

You collected 1633 gold pieces.
You spent 326 gold pieces at shops.

Inventory:

Hand Weapons
 a - a +0 flail
 d - a +1 whip of electrocution
 R - a +2 morningstar of holy wrath (weapon)
 S - the +6 whip of Peoxuu Xuor {holy, rPois Str+7 Dex-5}
   (You found it on level 1 of the Lair of Beasts)

   It has been blessed by the Shining One to cause great damage to the undead
   and demons.
   It affects your strength (+7).
   It affects your dexterity (-5).
   It protects you from poison.
Armour
 b - a +0 scale mail
 c - a +0 kite shield (worn)
 e - a +0 chain mail
 r - a +0 chain mail
 u - a +0 pair of gloves
 B - +0 steam dragon scales
 D - a +0 pair of gloves
 H - a +0 plate armour
 M - the +0 leather armour of Nywny {MR++ Regen+}
   (You found it on level 7 of the Dungeon)

   It affects your resistance to hostile enchantments.
   It increases your rate of regeneration.
 T - the +4 ring mail "Vekimn" (worn) {rElec rC+ Int+4}
   (You found it on level 7 of the Dungeon)

   It affects your intelligence (+4).
   It protects you from cold.
   It insulates you from electricity.
Jewellery
 y - a +6 ring of strength
 E - an uncursed ring of see invisible
 L - a +6 ring of dexterity
 O - an uncursed ring of protection from fire
 Q - an uncursed ring of see invisible
Wands
 q - a wand of iceblast (6)
 w - a wand of random effects (27)
 z - a wand of digging (4)
 N - a wand of clouds (5)
Scrolls
 g - 4 scrolls of immolation
 h - 7 scrolls of identify
 j - 6 scrolls of remove curse
 k - a scroll of fog
 s - 4 scrolls of magic mapping
 t - a scroll of random uselessness {unknown}
 v - a scroll of teleportation
 A - a scroll of blinking {unknown}
 C - a scroll of noise {unknown}
 F - a scroll of acquirement
 G - a scroll of enchant weapon {unknown}
 I - a scroll of enchant armour {unknown}
 J - a scroll of fear
 K - a scroll of amnesia
 P - a scroll of torment {unknown}
Potions
 i - a potion of magic
 l - a potion of stabbing
 m - 3 potions of curing
 o - a potion of brilliance {unknown}
 p - a potion of mutation
 x - a potion of flight
 V - 2 potions of lignification
Comestibles
 f - 7 rations


   Skills:
 + Level 7.7 Fighting
 * Level 13.2 Maces & Flails
 + Level 6.7 Armour
 - Level 1.0 Dodging
 + Level 4.4 Shields


You had 9 spell levels left.
You didn't know any spells.
Your spell library contained the following spells:

 Spells                   Type           Power        Failure   Level  Hunger
 Animate Skeleton         Necr           N/A          88%         1    ##.....
 Apportation              Tloc           #.....       88%         1    ##.....
 Corona                   Hex            #......      88%         1    ##.....
 Summon Small Mammal      Summ           #...         88%         1    ##.....


Dungeon Overview and Level Annotations

Branches:
Dungeon (10/15)            Temple (1/1) D:7            Lair (3/6) D:8
  Swamp: Lair:2-4    Shoals: Lair:2-4     Snake: Lair:2-4    Spider: Lair:2-4
    Orc: D:9-12

Altars:
Ashenzari
Cheibriados
Dithmenos
Elyvilon
Fedhas
Hepliaklqana
Kikubaaqudgha
Makhleb
Nemelex Xobeh
Qazlal
Sif Muna
Trog
Uskayaw
Vehumet
Xom
Yredelemnul
The Shining One

Shops:
D:7 (*=%

Annotations:
D:2 1 runed translucent door, Crazy Yiuf
D:6 exclusion: Prince Ribbit
D:7 2 transporters, demenzo's ghost, novice OgBe
D:8 1 exclusion
Lair:1 1 runed translucent door, exclusion: spiny frog, CrypticCrinoid's ghost, journeyman MiBe
Lair:2 Gastronok


Innate Abilities, Weirdness & Mutations

You are resistant to torment.
Your stone body is resilient. (AC +7)
You are immune to poison.
You resist negative energy. (rN+)
You are resistant to electric shocks. (rElec)
You can survive without breathing.
You are immune to petrification.
You are immune to rotting.
You have a pair of small horns on your head.
Your magical capacity is low. (-10% MP)


Message History

You block the wolf's attack. The wolf bites you but does no damage.
The wolf bites you!
* * * LOW HITPOINT WARNING * * *
You bludgeon the wolf!!
You kill the wolf!
Trog accepts your kill. The wolf bites you but does no damage.
The wolf barely misses you. The wolf bites you.
* * * LOW HITPOINT WARNING * * *
Gastronok sloshes about.
Gastronok casts a spell.
Gastronok puts on a burst of speed!
There is a stone staircase leading up, spattered with blood here.
You barely miss the wolf. The wolf bites you!
* * * LOW HITPOINT WARNING * * *
The wolf bites you but does no damage.
You barely miss the wolf. The wolf closely misses you.
Gastronok waves his eye-stalks in wide circles.
The air twists around and strikes you!!
You die...

.. ... .. ##. #...
... ####..# #....
.... #..... #.....
##..###....####.#%...
#....#....##.>...#
.....).........###
..............#.#
P.....h@.....####
##..#.#†....#### # #
###......# ###...##
###..# ##w###
######## ##..##
#...#..###### ##..#
##..........# ###..#


You could see Gastronok (swift) and a wolf.

Vanquished Creatures
  Pikel (D:4)
  Maggie (D:6)
  3 spiny frogs (Lair:1)
  2 komodo dragons
  A hippogriff (Lair:1)
  Prince Ribbit (D:6)
  3 wyverns (D:8)
  Grum (D:8)
  A steam dragon (D:8)
  3 vampire mosquitoes
  A water moccasin (Lair:1)
  4 slaves (D:4)
  An orc warrior (D:8)
  2 phantoms
  A sky beast (D:5)
  A necrophage (D:8)
  4 ogres
  A centaur (D:8)
  4 wolves
  3 crocodiles
  2 bullfrogs
  2 big kobolds
  A scorpion (D:8)
  A howler monkey (D:7)
  A crimson imp (D:8)
  A bullfrog zombie (D:7)
  A jelly (D:6)
  A quasit (D:7)
  2 bullfrog skeletons
  2 hounds (D:4)
  An orc priest (D:3)
  4 orc wizards
  3 iguanas (D:5)
  4 worker ants
  2 hound skeletons
  2 worker ant zombies (D:7)
  4 gnolls (D:8)
  A howler monkey skeleton (D:7)
  7 adders
  An ooze (D:1)
  2 adder zombies (D:8)
  2 adder skeletons
  5 worms
  6 dart slugs
  4 leopard geckos
  15 orcs
  10 giant cockroaches
  5 goblins
  11 hobgoblins
  12 jackals
  3 quokkas
  3 ball pythons
  7 bats
  A frilled lizard (D:1)
  A jackal zombie (D:8)
  24 kobolds
  A leopard gecko skeleton (D:4)
  A quokka skeleton (D:5)
  2 quokka zombies
  10 rats
  A plant (D:7)
208 creatures vanquished.

Notes
Turn   | Place    | Note
-------+----------+-------------------------------------------
     0 | D:1      | hehateme the Gargoyle Fighter began the quest for the Orb.
     0 | D:1      | Reached XP level 1. HP: 14/14 MP: 1/1
    85 | D:1      | Reached XP level 2. HP: 20/20 MP: 2/2
   439 | D:1      | Reached XP level 3. HP: 21/24 MP: 3/3
  1115 | D:2      | Found a faded altar of an unknown god.
  1272 | D:2      | Reached XP level 4. HP: 28/30 MP: 4/4
  1280 | D:2      | Reached skill level 1 in Dodging
  1282 | D:2      | Reached skill level 5 in Fighting
  1587 | D:2      | Found a burning altar of Makhleb.
  1667 | D:2      | Found a glowing golden altar of the Shining One.
  1770 | D:2      | Found a runed translucent door.
  1771 | D:2      | Noticed Crazy Yiuf
  2040 | D:3      | Reached skill level 3 in Maces & Flails
  2191 | D:3      | Found a shattered altar of Ashenzari.
  2557 | D:3      | Reached XP level 5. HP: 29/35 MP: 5/5
  2615 | D:3      | Found a blossoming altar of Fedhas.
  2905 | D:3      | Reached skill level 4 in Maces & Flails
  3575 | D:5      | Entered Level 5 of the Dungeon
  3874 | D:4      | Reached XP level 6. HP: 32/40 MP: 6/6
  3991 | D:4      | Reached skill level 5 in Maces & Flails
  4421 | D:5      | Noticed a sky beast
  4739 | D:5      | Reached skill level 6 in Maces & Flails
  5040 | D:5      | Noticed a slave
  5040 | D:5      | Noticed a slave
  5086 | D:4      | Killed a slave
  5102 | D:4      | Killed a slave
  5284 | D:5      | Noticed Pikel
  5331 | D:5      | Noticed a slave
  5332 | D:5      | Noticed a slave
  5375 | D:4      | Killed a slave
  5397 | D:4      | Killed a slave
  5518 | D:4      | Killed Pikel
  5518 | D:4      | Reached skill level 8 in Maces & Flails
  5518 | D:4      | Reached XP level 7. HP: 44/44 MP: 7/7
  5518 | D:4      | Reached XP level 8. HP: 49/49 MP: 8/8
  5846 | D:6      | Noticed a shadow
  5847 | D:6      | Found a shadowy altar of Dithmenos.
  5949 | D:6      | Reached skill level 9 in Maces & Flails
  6130 | D:6      | Found a shimmering blue altar of Sif Muna.
  6302 | D:6      | Noticed Maggie
  6408 | D:6      | Noticed Prince Ribbit
  6473 | D:6      | Gained mutation: Your magical capacity is low. (-10% MP)
                  | [potion of mutation]
  6473 | D:6      | Gained mutation: You have a pair of small horns on your
                  | head. [potion of mutation]
  6486 | D:6      | Killed Maggie
  6486 | D:6      | Reached skill level 10 in Maces & Flails
  6589 | D:7      | Found a staircase to the Ecumenical Temple.
  6622 | D:7      | Reached XP level 9. HP: 43/54 MP: 8/8
  6704 | D:7      | Found a hide-covered altar of Uskayaw.
  6761 | D:7      | Reached skill level 11 in Maces & Flails
  6773 | D:7      | Found Qosain's Assorted Antiques.
  6791 | D:7      | Bought a scroll labeled COITHENIDE for 24 gold pieces
  6791 | D:7      | Bought a scroll labeled UBAFUXK YMEOC for 24 gold pieces
  6791 | D:7      | Bought a scroll labeled COITHENIDE for 24 gold pieces
  6791 | D:7      | Bought a scroll labeled JOMOUP MUUGI for 24 gold pieces
  7014 | D:7      | Found Uwatreudgh's Weapon Emporium.
  7027 | D:7      | Bought a +2 morningstar of holy wrath for 230 gold pieces
  7060 | D:7      | Found a radiant altar of Vehumet.
  7122 | D:7      | Noticed a moth of wrath
  7152 | D:7      | Found a transporter.
  7170 | D:7      | Found Iqugrucki's Food Boutique.
  7170 | D:7      | Noticed demenzo's ghost (novice OgBe)
  7221 | D:7      | Got a faintly humming leather armour
  7255 | D:7      | Identified the +0 leather armour of Nywny {MR++ Regen+}
                  | (You found it on level 7 of the Dungeon)
  7339 | D:7      | Found a transporter.
  7354 | D:7      | Found Qadd's Jewellery Shop.
  7365 | D:7      | Got a scorched ring mail
  7376 | D:7      | Identified the +4 ring mail "Vekimn" {rElec rC+ Int+4} (You
                  | found it on level 7 of the Dungeon)
  7580 | D:6      | Killed Prince Ribbit
  7795 | D:6      | Found a hazy altar of Hepliaklqana.
  8085 | D:8      | Noticed Grum
  8106 | D:8      | Killed Grum
  8115 | D:8      | Reached skill level 12 in Maces & Flails
  8592 | D:8      | Reached XP level 10. HP: 60/60 MP: 9/9
  8739 | D:9      | Reached skill level 5 in Armour
  9945 | D:8      | Found a staircase to the Lair.
  9952 | Lair:1   | Entered Level 1 of the Lair of Beasts
  9977 | D:8      | Identified 2 scrolls of acquirement
  9977 | D:8      | Acquired 1200 gold pieces
 10076 | Temple   | Entered the Ecumenical Temple
 10123 | Temple   | Became a worshipper of Trog the Wrathful
 10203 | D:10     | Entered Level 10 of the Dungeon
 10286 | Lair:1   | Noticed a spiny frog
 10307 | Lair:1   | Killed a spiny frog
 10720 | Lair:1   | Found a runed translucent door.
 10721 | Lair:1   | Noticed CrypticCrinoid's ghost (journeyman MiBe)
 10732 | Lair:1   | Got a slimy whip
 10735 | Lair:1   | Identified the +6 whip of Peoxuu Xuor {holy, rPois Str+7
                  | Dex-5} (You found it on level 1 of the Lair of Beasts)
 10737 | Lair:1   | Noticed a spiny frog
 10754 | Lair:1   | Killed a spiny frog
 10754 | Lair:1   | Reached skill level 13 in Maces & Flails
 10989 | Lair:1   | Noticed a spiny frog
 11051 | Lair:2   | Noticed Gastronok
 11163 | Lair:1   | Noticed a spiny frog
 11170 | Lair:1   | Killed a spiny frog
 11221 | Lair:2   | Killed from afar by Gastronok

Illustrated notes

Levels and vault maps discovered:
D:1:      dpeg_arrival_tiny_a, layout_basic
D:2:      layout_loops_ring, nicolae_tso_swordbearing_angel,
          nicolae_overflow_hidden_temple, first_ration,
          chequers_ecumenical_altar_grove, uniq_crazy_yiuf_cottage
D:3:      layout_basic, old_standard_altar, evilmike_ruin_ashenzari,
          serial_bayou_pond_d
D:4:      layout_basic
D:5:      layout_basic, grunt_decor_resistance, uniq_pikel
D:6:      layout_cave_pools, riverfiend_overflow_shadow_ancestor, led_sif_pool,
          uniq_maggie, uniq_prince_ribbit1
D:7:      layout_basic, nicolae_overflow_crystal_walls, kennysheep_little_box,
          minmay_temple_entry_trees, gammafunk_ghost_berserking_beasts,
          serial_shops, nicolae_shop_overgrown_old_shop, shop_statue,
          nicolae_shop_crystal, shop
D:8:      layout_loops_ring, erik_lair_dragon, uniq_grum
D:9:      layout_roguey, grunt_gozag_statues, serial_ice, serial_ice_n,
          serial_ice_j, serial_ice_f, serial_ice_c, serial_shops,
          nicolae_shop_window_shopping
D:10:     layout_gridville, zombieorc1_lemuel, serial_co_window_serial,
          co_window_of_opportunity_a, co_window_corner_a, co_window_paths_b,
          co_window_paths_a, co_window_paths_b, co_window_of_opportunity_a,
          co_window_paths_c, co_window_paths_c, co_window_broadway_a,
          co_window_broadway_a, glass_columns_a, glass_columns_a
Temple:   nicolae_temple_hex_pool
Lair:1:   layout_hall_layers, ebering_ghost_reflecting_pool, grunt_megastairs_1,
          lemuel_fruit_tree
Lair:2:   layout_layer_cave, roderic_carrion_pond, minmay_lair_oklob_chamber,
          lemuel_fruit_fields, uniq_gastronok
Lair:3:   layout_gridlike, minmay_shoals_entry_hut, grunt_megastairs_3

Skill      XL: |  1  2  3  4  5  6  7  8  9 10 |
---------------+-------------------------------+-----
Fighting       | 4 5 6 7 |  7.7
Dodging        | 1 |  1.0
Maces & Flails | 3 4 8 10 12 13 | 13.2
Armour         | 4 6 |  6.7
Shields        | 4 |  4.4

Action                   |  1- 3 |  4- 6 |  7- 9 | 10-12 || total
-------------------------+-------+-------+-------+-------++-------
Melee: Flail             |   143 |   350 |       |       ||   493
       Whip              |       |       |   179 |    40 ||   219
       Headbutt          |       |       |    40 |    26 ||    66
       Morningstar       |       |       |   101 |   121 ||   222
Evoke: Wand              |       |       |       |     3 ||     3
  Use: Potion            |       |     1 |     8 |     7 ||    16
       Scroll            |       |       |     8 |     8 ||    16
  Eat: Chunk             |       |     8 |    10 |     2 ||    20
       Ration            |       |     2 |       |     2 ||     4
Armor: Scale mail        |     4 |       |       |       ||     4
       Chain mail        |    82 |   176 |    83 |       ||   341
       Plate armour      |       |    43 |    44 |       ||    87
       Ring mail         |       |       |    28 |    90 ||   118
       Skin              |       |       |       |     3 ||     3
Dodge: Dodged            |    50 |    75 |    59 |    53 ||   237
Block: Kite shield       |    77 |   190 |   103 |    88 ||   458
